 Dungeon Crawl Stone Soup version 0.20-a0-809-gaf7f668 (webtiles) character file.

188 Glaeka the Cudgeler (level 5, -1/44 HPs)
             Began as a Hill Orc Skald on Mar 1, 2017.
             Was an Initiate of Beogh.
             Slain by an orc
             ... wielding a +1 falchion of electrocution
              (7 damage)
             ... on level 3 of the Dungeon on Mar 2, 2017.
             The game lasted 00:19:45 (1856 turns).

Glaeka the Cudgeler (Hill Orc Skald)                Turns: 1856, Time: 00:19:45

Health: -1/44      AC:  5    Str: 15    XL:     5   Next: 67%
Magic:  5/7        EV: 10    Int: 13    God:    Beogh [......]
Gold:   163        SH:  0    Dex: 10    Spells: 2/7 levels left

rFire    . . .     SeeInvis .   a - +0 mace
rCold    . . .     Gourm    .   k - +0 ring mail
rNeg     . . .     Faith    .   (no shield)
rPois    .         Spirit   .   (no helmet)
rElec    .         Reflect  .   (no cloak)
rCorr    .         Harm     .   (no gloves)
MR       .....                  (no boots)
Stlth    ..........             (no amulet)
Regen    0.2/turn               (no ring)
MPRegen  0.1/turn               (no ring)

@: singing
A: no striking features
a: Renounce Religion, Stop Singing


You were on level 3 of the Dungeon.
You worshipped Beogh.
Beogh was noncommittal.
You were hungry.

You visited 1 branch of the dungeon, and saw 3 of its levels.

You collected 163 gold pieces.

Inventory:

Hand Weapons
 a - a +0 mace (weapon)
Missiles
 j - 71 stones (quivered)
 o - 8 poisoned needles
Armour
 b - a +0 leather armour
 k - a +0 ring mail (worn)
Scrolls
 e - 3 scrolls of identify {unknown}
 f - a scroll of fear {unknown}
 g - 2 scrolls of remove curse {unknown}
 s - a scroll of teleportation {unknown}
Potions
 h - a potion of curing
 m - a potion of haste
 p - a potion of might {unknown}
 q - a potion of heal wounds {unknown}
 r - a potion of agility {unknown}
Books
 c - a book of Battle

   Spells                             Type                      Level
   a - Infusion                       Charms                       1
   b - Shroud of Golubria             Charms/Translocation         2
   c - Song of Slaying                Charms                       2
   d - Spectral Weapon                Hexes/Charms                 3
   e - Regeneration                   Charms/Necromancy            3
Comestibles
 d - 5 bread rations
 i - a meat ration
 l - 2 royal jellies
 n - a chunk of flesh


   Skills:
 + Level 2.8 Fighting
 * Level 4.7 Maces & Flails
 + Level 2.2 Armour
 - Level 1.5 Dodging
 + Level 0.1 Stealth
 + Level 1.8 Spellcasting
 + Level 3.4 Charms
 + Level 0.2 Translocations


You had 2 spell levels left.
You knew the following spells:

 Your Spells              Type           Power        Failure   Level  Hunger
a - Infusion              Chrm           ##..         14%         1    ##.....
b - Shroud of Golubria    Chrm/Tloc      #.........   38%         2    ###....
c - Song of Slaying       Chrm           ##......     21%         2    ###....


Dungeon Overview and Level Annotations

Branches:
Dungeon (3/15)

Altars:
Makhleb
Nemelex Xobeh
Zin


Message History

You hit the orc.
The orc is heavily wounded.
The orc hits you but does no damage.
The orc priest miscasts a cantrip.
You hit the orc but do no damage.
The orc is heavily wounded.
The orc hits you with a falchion of electrocution.
You are electrocuted!
* * * LOW HITPOINT WARNING * * *
You closely miss the orc.
The orc is heavily wounded.
The orc closely misses you.
The orc hits you with a falchion of electrocution.
* * * LOW HITPOINT WARNING * * *
You closely miss the orc.
The orc is heavily wounded.
The orc priest miscasts a cantrip.
The orc hits you with a falchion of electrocution!
You die...
Beogh appreciates the orc's killing of a heretic priest.

#.# ###########
#.# #.# #.#
####.## #.# #.#
......# #.# #.#
#####.# ##.## #.#
# #.# ##...###.#
# #.. #.#.#.##.#
# #.##
#.######.#.#.##.#
# #.#
#ooooo@........#
. ..#
#.#######...#####
# ### ##.## #..#
##.# #.# #.#
###############
#.#
#)..†.......).#
#.#


You could see an orc priest, 2 orc wizards and 2 orcs.

Vanquished Creatures
  2 orc wizards (D:3)
  Ijyb (D:3)
  An adder (D:3)
  A worm (D:2)
  A dart slug (D:3)
  A leopard gecko (D:3)
  7 orcs (D:3)
  A ball python (D:1)
  6 bats
  A giant cockroach (D:3)
  7 goblins
  9 hobgoblins
  4 jackals (D:3)
  10 kobolds
  A quokka (D:3)
  2 frilled lizards
  10 rats
65 creatures vanquished.

Vanquished Creatures (others)
  An orc priest (D:3)
  An orc wizard (D:3)
  Jessica (D:3)
  An adder (D:3)
  5 orcs (D:3)
  A hobgoblin (D:3)
  A rat (D:3)
11 creatures vanquished.

Grand Total: 76 creatures vanquished

Notes
Turn   | Place    | Note
-------+----------+-------------------------------------------
     0 | D:1      | Glaeka the Hill Orc Skald began the quest for the Orb.
     0 | D:1      | Reached XP level 1. HP: 18/18 MP: 3/3
   119 | D:1      | Reached XP level 2. HP: 25/25 MP: 0/4
   123 | D:1      | Learned a level 2 spell: Shroud of Golubria
   168 | D:1      | Found a sparkling altar of Nemelex Xobeh.
   608 | D:2      | Upgraded the game from 0.20-a0-792-g09bcfd3 to 0.20-a0-809-gaf7f668
   718 | D:2      | Reached XP level 3. HP: 18/30 MP: 5/5
   725 | D:2      | Reached skill level 3 in Maces & Flails
   729 | D:2      | Learned a level 2 spell: Song of Slaying
  1236 | D:3      | Found a burning altar of Makhleb.
  1237 | D:3      | Found a glowing silver altar of Zin.
  1271 | D:3      | Noticed a blizzard demon
  1272 | D:3      | Noticed an angel
  1286 | D:3      | Reached XP level 4. HP: 31/37 MP: 3/6
  1317 | D:3      | Reached skill level 4 in Maces & Flails
  1348 | D:3      | Became a worshipper of Beogh the Brigand
  1477 | D:3      | Killed Jessica
  1581 | D:3      | Reached XP level 5. HP: 12/44 MP: 7/7
  1734 | D:3      | Noticed Ijyb
  1754 | D:3      | Killed Ijyb
  1856 | D:3      | Slain by an orc

Vault maps used:
D:1:      lightli_arrival_noodles, nemelex_altar_shiori
D:2:      first_bread
D:3:      grunt_temple_overflow_order_and_chaos_2, kennysheep_generic_room_6,
          uniq_iyjb, uniq_jessica

Skill      XL: |  1  2  3  4 |
---------------+-------------+-----
Charms         | 3 |  3.4
Maces & Flails | 3 4 |  4.7
Armour         | 2 |  2.2
Fighting       | |  2.8
Dodging        | |  1.5
Stealth        | |  0.1
Spellcasting   | |  1.8
Translocations | |  0.2

Action                   |  1- 3 |  4- 6 || total
-------------------------+-------+-------++-------
Melee: Mace              |   143 |   126 ||   269
Throw: Stone             |    14 |     1 ||    15
 Cast: Infusion          |     4 |     4 ||     8
       Shroud of Golubri |     6 |     4 ||    10
       Song of Slaying   |     1 |     3 ||     4
Invok: Convert to Beogh  |       |     1 ||     1
  Use: Potion            |       |     3 ||     3
  Eat: Chunk             |     2 |     2 ||     4
       Fruit             |     1 |       ||     1
Armor: Leather armour    |    11 |       ||    11
       Ring mail         |    25 |    42 ||    67
Dodge: Dodged            |    73 |    58 ||   131
